 Dungeon Sprint DCSS version 0.21.2 (webtiles) character file.

7945 Fang the Severer (level 11, -12/120 HPs)
             Began as a Gargoyle Berserker on Sept 26, 2018.
             Was the Champion of Trog.
             Shot with a bolt by an orc knight (21 damage)
             ... in the Dungeon (Sprint IX: "|||||||||||||||||||||||||||||").
             The game lasted 00:04:57 (1905 turns).

Fang the Severer (Gargoyle Berserker)               Turns: 1905, Time: 00:04:58

Health: -12/120    AC: 19    Str: 28    XL:     11   Next: 23%
Magic:  3/3        EV: 15    Int:  9    God:    Trog [******]
Gold:   1294       SH:  0    Dex:  9    Spells: 10/10 levels left

rFire    . . .     SeeInvis .   y - +4 battleaxe (antimagic)
rCold    . . .     Gourm    .   (shield currently unavailable)
rNeg     + . .     Faith    .   p - +1 scale mail
rPois    ∞         Spirit   .   (no helmet)
rElec    +         Reflect  .   (no cloak)
rCorr    .         Harm     .   (no gloves)
MR       .....     NoTele   +   (no boots)
Stlth    ..........             (no amulet)
HPRegen  0.30/turn              n - +2 ring of protection
MPRegen  0.08/turn              o - +2 ring of evasion

@: berserking (expiring), very quick
A: negative energy resistance 1, electricity resistance, unbreathing,
petrification resistance, rot immunity, AC +8
a: Berserk, Trog's Hand, Brothers in Arms, Burn Spellbooks, Renounce Religion


You were in the Dungeon.
You worshipped Trog.
Trog was exalted by your worship.
You were near starving.

You visited 1 branch You collected 1294 gold pieces.

Inventory:

Hand Weapons
 a - a +1 battleaxe of chopping
 b - a +5 battleaxe of chopping
 m - a +3 war axe of freezing
 v - a +3 battleaxe of electrocution
 x - a +4 battleaxe of distortion
 y - a +4 antimagic battleaxe (weapon)
Armour
 p - a +1 scale mail (worn)
Jewellery
 n - a +2 ring of protection (left hand)
 o - a +2 ring of evasion (right hand)
Wands
 l - a wand of acid (10)
Scrolls
 i - 3 scrolls of blinking
 k - 5 scrolls of remove curse
 s - 3 scrolls of enchant armour
 t - a scroll of fear
 u - a scroll of fog
 w - a scroll of identify
Potions
 d - 5 potions of curing
 e - 9 potions of heal wounds
 f - a potion of haste
 g - 4 potions of magic
 h - a potion of berserk rage
 j - a potion of invisibility
 q - a potion of brilliance
Miscellaneous
 r - a sack of spiders
Comestibles
 c - 11 rations


   Skills:
 + Level 14.8 Fighting
 + Level 16.9 Axes
 + Level 10.6 Armour
 + Level 7.5 Dodging
 + Level 2.3 Stealth


You had 10 spell levels left.
You didn't know any spells.

Dungeon Overview and Level Annotations

Branches:
Dungeon (1/1)

Altars:
Cheibriados
Dithmenos
Elyvilon
Fedhas
Gozag
Hepliaklqana
Kikubaaqudgha
Makhleb
Nemelex Xobeh
Okawaru
Qazlal
Ru
Sif Muna
Trog
Uskayaw
Vehumet
Wu Jian
Xom
Yredelemnul
Zin
The Shining One
Beogh
Jiyva
Lugonu

Shops:
D }


Innate Abilities, Weirdness & Mutations

You are resistant to torment.
Your stone body is resilient. (AC +8)
You are immune to poison.
You resist negative energy. (rN+)
You are resistant to electric shocks. (rElec)
You can survive without breathing.
You are immune to petrification.
You are immune to rotting.


Message History

You are too injured to fight recklessly!
You hit the orc knight.
The orc knight is severely wounded.
Unknown command.
You slice the orc knight!!
The orc knight is almost dead.
The orc knight hits you with a war axe!!!
* * * LOW HITPOINT WARNING * * *
The orc high priest mumbles some strange prayers to Beogh against you.
Beogh smites you!
* * * LOW HITPOINT WARNING * * *
You slice the orc knight!!
You kill the orc knight!
Trog accepts your kill. Something appears at your feet!
Trog grants you a weapon!
The orc knight unwields an uncursed long sword.
The orc knight wields an arbalest.
The orc knight shoots a bolt.
The bolt hits you!!
You die...

__________________'.?|)[[[..)†...
▓▓▓▓▓▓▓▓▓▓▓▓▓▓▓▓▓▓▓▓▓▓▓▓▓▓▓▓▓▓▓▓▓
.................................
▓▓▓▓▓▓▓▓▓▓▓▓▓▓▓▓▓▓▓▓▓▓▓▓▓▓▓▓▓▓▓▓▓
........'†).......†............'.
▓▓▓▓▓▓▓▓▓▓▓▓▓▓▓▓▓▓▓▓▓▓▓▓▓▓▓▓▓▓▓▓▓
.................................
▓▓▓▓▓▓▓▓▓▓▓▓▓▓▓▓▓▓▓▓▓▓▓▓▓▓▓▓▓▓▓▓▓
.)[.'([[....)...@)ooo3o3
▓▓▓▓▓▓▓▓▓▓▓▓▓▓▓▓▓▓▓▓▓▓▓▓


You could see 2 orc knights, a soul eater, 2 orc high priests and a sun demon.

Vanquished Creatures
  An orc high priest (D)
  3 orc knights (D)
  A cyclops (D)
  4 spiny frogs (D)
  A komodo dragon (D)
  A tyrant leech (D)
  A hornet (D)
  2 hippogriffs (D)
  2 blink frogs (D)
  A vampire mosquito (D)
  2 water moccasins (D)
  An orc warrior (D)
  4 porcupines (D)
  A sky beast (D)
  4 crocodiles (D)
  5 bullfrogs (D)
  A killer bee (D)
  2 crimson imps (D)
  2 orc priests (D)
  5 orc wizards (D)
  An iguana (D)
  A worker ant (D)
  3 adder skeletons (D)
  An adder zombie (D)
  2 orcs (D)
  A goblin (D)
  2 hobgoblins (D)
  A bat (D)
  A rat (D)
57 creatures vanquished.

Vanquished Creatures (collateral kills)
  3 orc knights (D)
  An orc sorcerer (D)
  A komodo dragon (D)
  A porcupine (D)
  8 orc warriors (D)
  A crocodile (D)
  3 orcs (D)
18 creatures vanquished.

Grand Total: 75 creatures vanquished

Notes
Turn   | Place    | Note
-------+----------+-------------------------------------------
     0 | D        | Fang the Gargoyle Berserker began the quest for the Orb.
     0 | D        | Reached XP level 1. HP: 14/14 MP: 1/1
     5 | D        | Reached skill level 3 in Axes
    14 | D        | Reached ** piety under Trog
    65 | D        | Noticed an iguana
    65 | D        | Noticed a crimson imp
    65 | D        | Noticed a sky beast
    65 | D        | Noticed a crimson imp
    69 | D        | Reached XP level 2. HP: 20/20 MP: 2/2
    71 | D        | Reached *** piety under Trog
    71 | D        | Reached skill level 5 in Fighting
    71 | D        | Reached skill level 4 in Axes
    71 | D        | Reached XP level 3. HP: 26/26 MP: 3/3
    77 | D        | Reached skill level 5 in Axes
    77 | D        | Reached XP level 4. HP: 32/32 MP: 4/4
    78 | D        | Killed a sky beast
    78 | D        | Reached skill level 6 in Axes
    78 | D        | Reached XP level 5. HP: 38/38 MP: 5/5
    84 | D        | Reached **** piety under Trog
    84 | D        | Reached skill level 7 in Axes
   130 | D        | Found a roughly hewn altar of Beogh.
   130 | D        | Found a snail-covered altar of Cheibriados.
   130 | D        | Found a shadowy altar of Dithmenos.
   130 | D        | Found a white marble altar of Elyvilon.
   130 | D        | Found a blossoming altar of Fedhas.
   130 | D        | Found an opulent altar of Gozag.
   131 | D        | Found a hazy altar of Hepliaklqana.
   132 | D        | Found a viscous altar of Jiyva.
   133 | D        | Found an ancient bone altar of Kikubaaqudgha.
   134 | D        | Found a corrupted altar of Lugonu.
   135 | D        | Found a burning altar of Makhleb.
   136 | D        | Found a sparkling altar of Nemelex Xobeh.
   137 | D        | Found an iron altar of Okawaru.
   138 | D        | Found a stormy altar of Qazlal.
   139 | D        | Found a sacrificial altar of Ru.
   140 | D        | Found a deep blue altar of Sif Muna.
   141 | D        | Found a bloodstained altar of Trog.
   142 | D        | Found a hide-covered altar of Uskayaw.
   143 | D        | Found a radiant altar of Vehumet.
   144 | D        | Found an ornate altar of the Wu Jian Council.
   145 | D        | Found a shimmering altar of Xom.
   146 | D        | Found a basalt altar of Yredelemnul.
   147 | D        | Found a glowing silver altar of Zin.
   148 | D        | Found a glowing golden altar of the Shining One.
   193 | D        | Noticed a hippogriff
   204 | D        | Reached skill level 8 in Axes
   204 | D        | Reached XP level 6. HP: 45/45 MP: 6/6
   205 | D        | Killed a hippogriff
   205 | D        | Reached skill level 9 in Axes
   205 | D        | Reached skill level 5 in Armour
   205 | D        | Reached XP level 7. HP: 51/51 MP: 7/7
   206 | D        | Reached ***** piety under Trog
   285 | D        | Noticed a cyclops
   285 | D        | Noticed a hornet
   289 | D        | Killed a cyclops
   289 | D        | Reached skill level 10 in Fighting
   289 | D        | Reached skill level 11 in Axes
   289 | D        | Reached skill level 5 in Dodging
   289 | D        | Reached XP level 8. HP: 59/59 MP: 8/8
   293 | D        | Killed a hornet
   301 | D        | Received a gift from Trog
   466 | D        | Noticed a spiny frog
   466 | D        | Noticed a komodo dragon
   470 | D        | Killed a spiny frog
   470 | D        | Reached skill level 12 in Axes
   471 | D        | Noticed a komodo dragon
   478 | D        | Reached ****** piety under Trog
   478 | D        | Reached XP level 9. HP: 65/65 MP: 9/9
   485 | D        | Killed a komodo dragon
   488 | D        | Reached skill level 13 in Axes
   497 | D        | Killed a komodo dragon
   497 | D        | Received a gift from Trog
   746 | D        | Noticed a spiny frog
   759 | D        | Reached skill level 14 in Axes
   763 | D        | Killed a spiny frog
   763 | D        | Reached skill level 1 in Stealth
   768 | D        | Received a gift from Trog
   775 | D        | Reached XP level 10. HP: 73/73 MP: 10/10
   958 | D        | Noticed a spiny frog
   958 | D        | Noticed a spiny frog
   973 | D        | Killed a spiny frog
   975 | D        | Killed a spiny frog
   975 | D        | Reached skill level 15 in Axes
  1180 | D        | Noticed an orc knight
  1186 | D        | Received a gift from Trog
  1194 | D        | Killed an orc knight
  1207 | D        | Noticed an orc knight
  1216 | D        | Received a gift from Trog
  1218 | D        | Killed an orc knight
  1526 | D        | Noticed an orc knight
  1526 | D        | Noticed an orc sorcerer
  1529 | D        | Killed an orc knight
  1529 | D        | Reached skill level 16 in Axes
  1531 | D        | Killed an orc sorcerer
  1531 | D        | Received a gift from Trog
  1533 | D        | Received a gift from Trog
  1555 | D        | Reached skill level 10 in Armour
  1559 | D        | Reached XP level 11. HP: 57/80 MP: 3/11
  1561 | D        | Noticed an orc knight
  1573 | D        | Killed an orc knight
  1780 | D        | Noticed an orc knight
  1786 | D        | Killed an orc knight
  1889 | D        | Found Jiannus's Gadget Emporium.
  1889 | D        | Noticed an orc high priest
  1889 | D        | Noticed an orc knight
  1889 | D        | Noticed an orc knight
  1889 | D        | Noticed an orc knight
  1889 | D        | Noticed an orc high priest
  1890 | D        | Noticed an orc high priest
  1896 | D        | Killed an orc high priest
  1897 | D        | Noticed a soul eater
  1901 | D        | Noticed a sun demon
  1905 | D        | Killed an orc knight
  1905 | D        | Received a gift from Trog
  1905 | D        | Shot with a bolt by an orc knight

Skill      XL: |  1  2  3  4  5  6  7  8  9 10 11 |
---------------+----------------------------------+-----
Axes           | 3 4 5 6 8 9 11 12 14 16 | 16.9
Fighting       | 4 5 7 8 9 10 11 13 14 | 14.8
Armour         | 3 4 5 6 7 8 10 | 10.6
Dodging        | 2 3 4 5 6 7 |  7.5
Stealth        | 1 2 |  2.3

Action                   |  1- 3 |  4- 6 |  7- 9 | 10-12 || total
-------------------------+-------+-------+-------+-------++-------
Melee: Hand axe          |    24 |     7 |       |       ||    31
       War axe           |       |    11 |    81 |    56 ||   148
       Battleaxe         |       |       |       |    20 ||    20
Invok: Berserk           |     1 |     1 |     3 |     3 ||     8
       Brothers in Arms  |       |       |     1 |     4 ||     5
  Eat: Chunk             |       |       |     4 |     7 ||    11
Armor: Animal skin       |     4 |     3 |       |       ||     7
       Scale mail        |       |     8 |    33 |     3 ||    44
Dodge: Dodged            |    16 |     5 |    39 |    24 ||    84
